 Dungeon Crawl Stone Soup version 0.26-a0-660-gc07710193c (webtiles) character file.

Game seed: 9538579085825894475

1520 heikuro the Poker (level 9, -10/69 HPs)
             Began as a Formicid Abyssal Knight on Oct 5, 2020.
             Was a Believer of Lugonu.
             Mangled by an orc warrior
             ... wielding a +0 battleaxe
              (18 damage)
             ... on level 7 of the Dungeon.
             The game lasted 00:14:04 (7783 turns).

heikuro the Poker (Formicid Abyssal Knight)         Turns: 7783, Time: 00:14:04

Health: -10/69     AC: 11    Str: 22    XL:     9   Next: 10%
Magic:  13/13      EV:  8    Int: 12    God:    Lugonu [**....]
Gold:   279        SH:  5    Dex: 16    Spells: 8/8 levels left

rFire    . . .     SeeInvis +   a - +1 spear
rCold    . . .     Faith    .   f - +0 buckler
rNeg     . . .     Spirit   .   n - +0 chain mail
rPois    .         Reflect  .   (helmet unavailable)
rElec    .         Harm     .   (no cloak)
rCorr    .         Rampage  .   (no gloves)
MR       +....                  (no boots)
Stlth    ..........             (no amulet)
HPRegen  0.21/turn              x - +6 ring of dexterity
MPRegen  0.13/turn              y - ring of protection from magic

@: no status effects
A: permanent stasis, dig shafts and tunnels, four strong arms, antennae 3,
talons 1, shaggy fur 1, strong 1, no potion heal 1
a: Dig, Shaft Self, Depart the Abyss, Bend Space, Renounce Religion


You were on level 7 of the Dungeon.
You worshipped Lugonu.
Lugonu was pleased with you.
You visited 1 branch of the dungeon, and saw 7 of its levels.
You visited the Abyss 1 time.

You collected 279 gold pieces.

Inventory:

Hand Weapons
 a - a +1 spear (weapon)
 g - a +3 short sword of freezing
Missiles
 k - 28 poisoned darts (quivered)
 t - 5 boomerangs
Armour
 f - a +0 buckler (worn)
 n - a +0 chain mail (worn)
Jewellery
 x - a +6 ring of dexterity (left hand)
 y - a ring of protection from magic (right hand)
Wands
 c - a wand of paralysis (10)
 p - a wand of acid (5)
 A - a wand of random effects (12)
 D - a wand of disintegration (11)
Scrolls
 d - 7 scrolls of remove curse
 h - 2 scrolls of amnesia
 i - 3 scrolls of magic mapping
 j - 2 scrolls of blinking {unknown}
 m - a scroll of teleportation {unknown}
 o - a scroll of fog
 r - 2 scrolls of fear {unknown}
 z - 3 scrolls of identify
 C - a scroll of summoning {unknown}
 E - a scroll of enchant weapon {unknown}
Potions
 b - a potion of might
 e - a potion of brilliance
 l - a potion of ambrosia
 q - a potion of invisibility {unknown}
 s - 2 potions of heal wounds
 u - a potion of lignification {unknown}
 v - a potion of stabbing {unknown}
 w - 2 potions of magic {unknown}
 B - a potion of cancellation {unknown}


   Skills:
 + Level 6.0 Fighting
 * Level 6.8 Polearms
 + Level 5.5 Armour
 - Level 1.0 Dodging
 - Level 2.4 Shields
 + Level 5.8 Invocations
 + Level 0.6 Evocations


You had 8 spell levels left.
You didn't know any spells.
Your spell library contained the following spells:

 Spells                   Type           Power        Failure   Level
 Ice Form                 Ice/Tmut       #.......     100%        4
 Metabolic Englaciation   Hex/Ice        #.........   100%        5
 Freezing Cloud           Conj/Ice/Air   #.........   100%        6
 Ozocubu's Refrigeration  Ice            #.........   100%        6
 Simulacrum               Ice/Necr       #.........   100%        6


Dungeon Overview and Level Annotations

Branches:
Dungeon (7/15)
 Temple: D:4-7

Altars:
Dithmenos
Elyvilon
Gozag
Hepliaklqana
Nemelex Xobeh
Qazlal
Sif Muna
Xom
Zin


Innate Abilities, Weirdness & Mutations

You cannot be hasted, slowed, berserked, paralysed or teleported.
You can dig through walls and to a lower floor.
Your four strong arms can wield two-handed weapons with a shield.
You have a pair of large antennae on your head. (SInv)
You have sharp toenails.
You are covered in fur. (AC +1)
Your muscles are strong. (Str +2)
Potions are less effective at restoring your health.


Message History

The orc warrior is severely wounded.
The orc warrior barely misses you.
You hit the orc warrior but do no damage.
You claw the orc warrior, but do no damage.
The orc warrior is severely wounded.
You hit the orc warrior. You claw the orc warrior.
The orc warrior is almost dead.
The orc warrior hits you with a +0 battleaxe!
* * * LOW HITPOINT WARNING * * *
You closely miss the orc warrior.
You claw the orc warrior, but do no damage.
The orc warrior is almost dead.
The orc warrior closely misses you.
You hit the orc warrior. Your kick misses the orc warrior.
The orc warrior is almost dead.
You barely miss the orc warrior.
You claw the orc warrior, but do no damage.
The orc warrior is almost dead.
The orc warrior hits you with a +0 battleaxe!!
You die...

....##......#...
#..#
...8.#......#...
#..#
.....#.....####.
##.#
._.......#..#...
#).#
.....#......#...
#..#
...8.##.....##
#)##
....####.####
##.# #.###
#.###########(.#
...#
#........@oo..##
.>.#
###############
...# ...# ...#
####


You could see an orc warrior and an orc.

Vanquished Creatures
  Eustachio (D:4)
  A water moccasin (D:6)
  Duvessa (D:5)
  An ice beast (D:5)
  An ogre (D:4)
  2 phantoms
  Dowan (D:5)
  A jelly (D:6)
  A bullfrog skeleton (D:4)
  5 orc priests
  An iguana (D:5)
  4 orc wizards (D:7)
  7 worker ants
  A hound zombie (D:5)
  A hound skeleton (D:4)
  7 gnolls (D:3)
  4 adders
  2 shadow imps
  2 white imps
  2 adder zombies
  A worm (D:4)
  4 leopard geckos
  21 orcs
  3 giant cockroaches
  4 goblins
  4 hobgoblins
  9 jackals
  5 kobolds
  2 quokkas
  A ball python (D:3)
  7 bats
  3 frilled lizards
  6 rats
116 creatures vanquished.

Vanquished Creatures (others)
  98 plants (D:1)
98 creatures vanquished.

Grand Total: 214 creatures vanquished

Notes
Turn   | Place    | Note
-------+----------+-------------------------------------------
     0 | Abyss:1  | heikuro the Formicid Abyssal Knight began the quest for the
                  | Orb.
     0 | Abyss:1  | Reached XP level 1. HP: 18/18 MP: 2/2
    43 | Abyss:1  | Found a corrupted altar of Lugonu.
    48 | Abyss:1  | Noticed a shock serpent zombie
    51 | D:1      | Escaped the Abyss
   108 | D:1      | Reached skill level 1 in Dodging
   234 | D:1      | Reached XP level 2. HP: 24/24 MP: 3/3
   776 | D:1      | Reached XP level 3. HP: 28/29 MP: 4/4
   809 | D:1      | Reached * piety under Lugonu
  1423 | D:2      | Noticed an earth elemental
  1425 | D:2      | Found a stormy altar of Qazlal.
  1426 | D:2      | Noticed a fire elemental
  1426 | D:2      | Noticed an air elemental
  1426 | D:2      | Noticed a water elemental
  1536 | D:2      | Found a sparkling altar of Nemelex Xobeh.
  1888 | D:3      | Reached XP level 4. HP: 29/37 MP: 6/6
  2231 | D:3      | Found a shimmering blue altar of Sif Muna.
  2536 | D:3      | Reached XP level 5. HP: 42/42 MP: 7/7
  3311 | D:4      | Reached XP level 6. HP: 48/48 MP: 8/8
  3398 | D:4      | Noticed Eustachio
  3477 | D:4      | Killed Eustachio
  3794 | D:4      | Gained mutation: Potions are less effective at restoring
                  | your health. [potion of mutation]
  3794 | D:4      | Gained mutation: You have sharp toenails. [potion of
                  | mutation]
  3794 | D:4      | Gained mutation: Your muscles are strong. (Str +2) [potion
                  | of mutation]
  3794 | D:4      | Gained mutation: You are covered in fur. (AC +1) [potion of
                  | mutation]
  3922 | D:4      | Noticed an ogre
  4089 | D:4      | Killed an ogre
  4089 | D:4      | Reached XP level 7. HP: 8/55 MP: 10/10
  4921 | D:4      | Reached skill level 5 in Polearms
  5074 | D:5      | Entered Level 5 of the Dungeon
  5256 | D:5      | Found a shimmering altar of Xom.
  5257 | D:5      | Found a shimmering altar of Xom.
  5257 | D:5      | Found a shimmering altar of Xom.
  5258 | D:5      | Found a shimmering altar of Xom.
  5258 | D:5      | Found a shimmering altar of Xom.
  5293 | D:5      | Reached skill level 5 in Fighting
  5293 | D:5      | Reached skill level 1 in Shields
  5424 | D:5      | Found a hazy altar of Hepliaklqana.
  5434 | D:5      | Found a glowing silver altar of Zin.
  5547 | D:5      | Reached XP level 8. HP: 62/62 MP: 11/11
  6022 | D:5      | Reached ** piety under Lugonu
  6072 | D:5      | Noticed Duvessa
  6085 | D:5      | Killed Duvessa
  6085 | D:5      | Reached skill level 5 in Invocations
  6099 | D:5      | Noticed Dowan
  6125 | D:5      | Killed Dowan
  6125 | D:5      | Reached skill level 5 in Armour
  6542 | D:5      | Found a white marble altar of Elyvilon.
  6980 | D:6      | Found a shadowy altar of Dithmenos.
  7616 | D:7      | Reached XP level 9. HP: 69/69 MP: 13/13
  7663 | D:7      | Found an opulent altar of Gozag.
  7783 | D:7      | Mangled by an orc warrior

Illustrated notes

Levels and vault maps discovered:
D:1:      roderic_crop_circles_arrival_small, layout_loops_cross
D:2:      layout_basic, nicolae_qazlal_style_of_elements, lemuel_doored_altar
D:3:      layout_basic, lemuel_blue_sif_altar
D:4:      layout_basic, uniq_eustachio
D:5:      layout_gridville, xom_redecorated, nicolae_overflow_crystal_walls,
          kennysheep_mini, nicolae_overflow_hidden_temple, uniq_duvessa
D:6:      layout_basic, lemuel_crystal_altar, nicolae_dithmenos_the_darkroom,
          minmay_temple_entry_overgrown
D:7:      layout_rooms, hangedman_ru_absence, grunt_gozag_statues, serial_shops,
          shop, minmay_stone_trees_small

Skill      XL: |  1  2  3  4  5  6  7  8  9 |
---------------+----------------------------+-----
Dodging        | 1 |  1.0
Polearms       | 3 4 5 6 |  6.8
Invocations    | 3 4 5 |  5.8
Armour         | 3 4 5 |  5.5
Fighting       | 4 5 6 |  6.0
Shields        | 2 |  2.4
Evocations     | |  0.6

Action                   |  1- 3 |  4- 6 |  7- 9 || total
-------------------------+-------+-------+-------++-------
Melee: Spear             |   112 |   206 |   304 ||   622
       Kick              |       |     7 |   107 ||   114
Throw: Dart              |     3 |    26 |    36 ||    65
Invok: Depart the Abyss  |     1 |       |       ||     1
 Abil: Dig               |       |     1 |     1 ||     2
Evoke: Wand              |       |     1 |     1 ||     2
  Use: Scroll            |     6 |     2 |     4 ||    12
       Potion            |       |     1 |       ||     1
 Stab: Distracted        |       |       |     1 ||     1
Armor: Leather armour    |    11 |       |       ||    11
       Chain mail        |    24 |   142 |    93 ||   259
Dodge: Dodged            |    40 |    77 |    62 ||   179
Block: Buckler           |       |       |    32 ||    32

Table legend: (Time is in decaauts)
 A = Elapsed time spent in this place.
 B = Non-inter-level travel time spent in this place.
 C = Inter-level travel time spent in this place.
 D = Time resting spent in this place.
 E = Time spent auto-exploring this place.
 F = Levels seen in this place.
 G = Mean time per level.
                   A        B        C        D        E       F      G
               +--------+--------+--------+--------+--------+-----+--------+
         Total |   7715 |   7496 |    219 |   2787 |   3029 |   8 |  964.4 |
       Dungeon |   7664 |   7445 |    219 |   2787 |   3000 |   7 | 1094.9 |
         Abyss |     51 |     51 |      0 |      0 |     29 |   1 |   51.0 |
               +--------+--------+--------+--------+--------+-----+--------+

Top non-repeatable levels by time:
     D:4: 1920 daAuts
     D:5: 1665 daAuts
     D:3: 1216 daAuts
     D:2: 1136 daAuts
     D:1: 892 daAuts
     D:6: 571 daAuts
     D:7: 263 daAuts
 Abyss:1: 51 daAuts
